 Dungeon Crawl Stone Soup version 0.32-a0-540-g866d13106e (webtiles) character file.

Game seed: 16193637648536085756

16851 jasper the Severer (level 12, -5/113 HPs)
             Began as a Mountain Dwarf Fighter on Feb 28, 2024.
             Was an Initiate of Gozag.
             Slain by Snorg (18 damage)
             ... on level 11 of the Dungeon on Feb 29, 2024.
             The game lasted 00:30:05 (10422 turns).

jasper the Severer (Mountain Dwarf Fighter)        Turns: 10422, Time: 00:30:06

Health: -5/113     AC: 29    Str: 24    XL:     12   Next: 13%
Magic:  0/12       EV: 12    Int:  9    God:    Gozag
Gold:   1492       SH:  6    Dex:  9    Spells: 11/11 levels left

rFire   . . .        y - +6 eveningstar
rCold   . . .        d - +2 buckler {rN+}
rNeg    + . .        F - +0 plate armour
rPois   .            u - +1 helmet
rElec   .            G - +0 cloak {rCorr}
rCorr   +            f - +2 pair of gloves
SInv    .            h - +2 pair of boots
Will    +....        r - amulet of guardian spirit Stlth
                     N - +4 ring of protection
HPRegen 0.38/turn    m - +5 ring of evasion
MPRegen 0.13/turn

%: guardian spirit
@: mighty
A: runic magic, artefact enchanting
a: Renounce Religion, Potion Petition, Call Merchant, Bribe Branch


You were on level 11 of the Dungeon.
You worshipped Gozag.
Gozag was most pleased with you.
You visited 2 branches of the dungeon, and saw 12 of its levels.
You also visited: Bailey.

You collected 2026 gold pieces.
You spent 427 gold pieces at shops.
You paid 107 gold pieces to Gozag.

Inventory:

Hand Weapons
 a - a +0 war axe
 j - a +0 sling
 x - a +0 morningstar
 y - a +6 eveningstar (weapon)
 z - a +0 war axe
 E - the +5 whip "Ceirahoh" {elec, Int+7}
   (You found it on level 6 of the Dungeon)

   Int+7:     It affects your intelligence (+7).
 X - a +0 battleaxe
Missiles
 l - 79 stones
 w - 17 poisoned darts
 A - 4 boomerangs (quivered)
 K - 12 javelins
Armour
 b - a +0 scale mail
 c - a +0 buckler
 d - a +2 buckler of positive energy (worn)
 f - a +2 pair of gloves (worn)
 g - the +1 leather armour of Wrong Decisions {rElec Will+ Str-5 Int+2}
   (You found it on level 2 of the Dungeon)

   Str-5:     It affects your strength (-5).
   Int+2:     It affects your intelligence (+2).
   rElec:     It insulates you from electricity.
   Will+:     It increases your willpower.
 h - a +2 pair of boots (worn)
 t - a +0 pair of boots
 u - a +1 helmet (worn)
 B - a +0 chain mail
 F - a +0 plate armour (worn)
 G - a +0 cloak of preservation (worn)
 M - a +7 chain mail of ponderousness
Jewellery
 e - a +6 ring of dexterity
 m - a +5 ring of evasion (right hand)
 r - an amulet of guardian spirit (around neck)
 L - an amulet of the acrobat
 N - a +4 ring of protection (left hand)
 Q - a ring of see invisible
 T - a ring of positive energy
 U - a ring of ice
 Y - a ring of resist corrosion
Wands
 R - a wand of charming (1)
 S - a wand of flame (9)
 W - a wand of polymorph (2)
Scrolls
 k - 2 scrolls of poison
 n - 3 scrolls of fog
 q - 6 scrolls of noise
 D - 2 scrolls of teleportation
 O - 6 scrolls of identify
 P - a scroll of revelation
 V - a scroll of fear
Potions
 i - 2 potions of mutation
 o - a potion of haste
 p - 2 potions of ambrosia
 s - 2 potions of resistance
 v - 2 potions of magic
 C - 2 potions of attraction
 H - 2 potions of lignification
 I - 2 potions of curing
 J - 2 potions of cancellation


   Skills:
 * Level 12.3 Fighting
 - Level 16.0 Axes
 + Level 10.4 Armour
 - Level 3.2 Shields
 - Level 5.0 Evocations


You had 11 spell levels left.
You didn't know any spells.
Your spell library contained the following spells:

 Spells                   Type           Power      Damage    Failure   Level
 Sandblast                Erth           0%         2d4       65%         1
 Blink                    Tloc           0%         N/A       80%         2
 Call Imp                 Summ           0%         N/A       80%         2
 Lesser Beckoning         Tloc           0%         N/A       80%         2
 Momentum Strike          Conj/Tloc      0%         3d8       80%         2
 Sublimation of Blood     Necr           0%         N/A       80%         2
 Frozen Ramparts          Ice            0%         1d1       95%         3
 Inner Flame              Hex/Fire       0%         N/A       95%         3
 Passwall                 Erth           0%         N/A       95%         3
 Stone Arrow              Conj/Erth      0%         3d7       95%         3
 Brom's Barrelling Bould  Conj/Erth      0%         2d3       100%        4
 Flame Wave               Conj/Fire      0%         2d4       100%        4
 Leda's Liquefaction      Alch/Erth      0%         N/A       100%        4
 Petrify                  Alch/Erth      0%         N/A       100%        4
 Sticky Flame             Fire/Alch      0%         2d4       100%        4
 Metabolic Englaciation   Hex/Ice        0%         N/A       100%        5
 Summon Hydra             Summ           0%         N/A       100%        7


Dungeon Overview and Level Annotations

Branches:
Dungeon (11/15)            Temple (1/1) D:5            Lair (0/5) D:11
    Orc (0/2) D:9          Bailey (visited)

Altars:
Ashenzari
Cheibriados
Dithmenos
Elyvilon
Fedhas
Gozag
Hepliaklqana
Kikubaaqudgha
Makhleb
Nemelex Xobeh
Okawaru
Qazlal
Ru
Sif Muna
Trog
Uskayaw
Vehumet
Xom
Yredelemnul
Zin
The Shining One

Shops:
D:1 *   D:7 !

Portals:
Trove: D:10 (give 4 potions of resistance)

Annotations:
D:11 Snorg


Innate Abilities, Weirdness & Mutations

Your spellcasting is much less encumbered by armour.
You can use scrolls of enchantment on lesser artefacts.


Message History

Snorg is severely wounded.
Snorg bites you but does no damage. Snorg claws you but does no damage.
Snorg misses you. Snorg bites you but does no damage.
Snorg claws you but does no damage. Snorg closely misses you.
You barely miss Snorg.
Snorg is severely wounded.
Snorg misses you. Snorg claws you but does no damage. x2
You barely miss Snorg.
Snorg is severely wounded.
Snorg barely misses you. Snorg closely misses you. x2
You block Snorg's attack. Snorg claws you but does no damage.
You block Snorg's attack.
You bludgeon Snorg!!
Snorg is severely wounded.
Snorg bites you!
Snorg barely misses you. x2; Snorg closely misses you.
Snorg completely misses you. Snorg claws you but does no damage.
You take 11 damage, and have 45/113 hp.
You now have 6/12 mp.
You bludgeon Snorg!!
Snorg is almost dead.
Your attacks no longer feel as feeble.
Snorg barely misses you. x2; Snorg claws you but does no damage.
You barely miss Snorg.
Snorg is almost dead.
Snorg bites you. Snorg claws you! Snorg closely misses you. Snorg bites you!
* * * LOW HITPOINT WARNING * * *
Snorg claws you.
* * * LOW HITPOINT WARNING * * *
Snorg barely misses you.
You take 25 damage, and have 20/113 hp.
MASSIVE DAMAGE!!
You now have 2/12 mp.
You completely miss Snorg.
Snorg is almost dead.
Snorg bites you!
* * * LOW HITPOINT WARNING * * *
Snorg misses you. Snorg claws you but does no damage.
You take 7 damage, and have 13/113 hp.
You sock Snorg!
Snorg is almost dead.
Snorg bites you!!
You die...
Your body crumbles into a pile of gold.

#.P... #..#
..###.##
#.P$)###..# #...
#.....##..# #..#
#.....##..# #.
#.........# #
#.....###.#
#.....# #.#
###T### #.#####
..# #@# ###....>##
#.#
#.###..###...###.#
#.#...###.....##.#
#.....##.......#.#
###...##...^...#.#
##..#..........#
#..#........(..
#.......>......
####).#..........#


You could see Snorg (berserk).

Vanquished Creatures
  Fannar (D:10)
  Harold (D:8)
  Erica (D:11)
  3 two-headed ogres
  Nergalle (D:10)
  An orc knight (Bailey)
  Pikel (D:7)
  A deep elf zephyrmancer (Bailey)
  A cyclops (D:11)
  An elephant (D:10)
  A smoke demon (D:10)
  A rust devil (D:11)
  2 orange demons (D:11)
  2 ice devils (D:11)
  An unseen horror (D:11)
  A komodo dragon (D:10)
  Psyche (D:10)
  2 trolls (D:11)
  3 hornets
  Grinder (D:6)
  Sigmund (D:6)
  A shadow (D:11)
  A vampire (D:10)
  2 wraiths
  8 yaks (D:11)
  Eustachio (D:6)
  2 humans (D:10)
  3 steam dragons
  4 chaos spawn
  A water moccasin (D:8)
  An acid dragon (D:11)
  An ice beast (D:7)
  2 sky beasts (D:7)
  A black bear (D:8)
  7 orc warriors
  An ogre (D:6)
  A phantom (D:5)
  2 wolves (D:11)
  4 centaurs
  4 lemures (D:7)
  3 kobold brigands
  2 bullfrogs
  3 scorpions
  6 wights
  2 howler monkeys (D:11)
  2 bombardier beetles (D:4)
  7 hounds
  2 jellies
  4 orc priests
  3 sleepcaps
  4 iguanas
  8 orc wizards
  6 adders
  A shadow imp (D:7)
  3 dart slugs
  28 orcs
  4 ball pythons
  3 bats (D:1)
  3 endoplasms
  3 giant cockroaches
  9 goblins
  11 hobgoblins
  2 jackals (D:1)
  3 quokkas
  3 frilled lizards
  13 kobolds
  2 rats (D:1)
215 creatures vanquished.

Vanquished Creatures (collateral kills)
  An orc warrior (Bailey)
  3 orcs (Bailey)
4 creatures vanquished.

Vanquished Creatures (others)
  2 orc warriors (Bailey)
2 creatures vanquished.

Grand Total: 221 creatures vanquished

Notes
Turn   | Place    | Note
-------+----------+-------------------------------------------
     0 | D:1      | jasper the Mountain Dwarf Fighter began the quest for the
                  | Orb.
     0 | D:1      | Reached XP level 1. HP: 19/19 MP: 1/1
    97 | D:1      | Reached skill level 3 in Axes
   171 | D:1      | Reached XP level 2. HP: 26/26 MP: 2/2
   281 | D:1      | Found Miotwus's Assorted Antiques.
   296 | D:1      | Bought a lumpy amethyst potion for 23 gold pieces
   381 | D:1      | Reached skill level 4 in Axes
   412 | D:1      | Bought a scroll labelled LUFROU VAGHU for 26 gold pieces
   576 | D:1      | You fall into a shaft and drop 1 floor!
   577 | D:2      | Identified the +1 leather armour of Wrong Decisions {rElec
                  | Will+ Str-5 Int+2}
   611 | D:2      | Reached XP level 3. HP: 31/31 MP: 3/3
  1151 | D:2      | Found a faded altar of an unknown god.
  1496 | D:3      | Reached skill level 5 in Axes
  1717 | D:4      | Reached XP level 4. HP: 38/38 MP: 4/4
  1753 | D:4      | Reached skill level 6 in Axes
  1780 | D:4      | Reached XP level 5. HP: 42/45 MP: 5/5
  1852 | D:4      | Reached skill level 7 in Axes
  1947 | D:4      | Reached XP level 6. HP: 51/51 MP: 6/6
  2212 | D:4      | Reached skill level 8 in Axes
  2489 | D:5      | Entered Level 5 of the Dungeon
  2599 | D:5      | Found a staircase to the Ecumenical Temple.
  2606 | Temple   | Entered the Ecumenical Temple
  2617 | Temple   | Became a worshipper of Gozag Ym Sagoz the Greedy
  2815 | D:5      | Reached skill level 9 in Axes
  2815 | D:5      | Reached XP level 7. HP: 57/57 MP: 7/7
  3128 | D:5      | Found a shimmering blue altar of Sif Muna.
  3401 | D:6      | Reached skill level 10 in Axes
  3403 | D:6      | Noticed a steam dragon
  3512 | D:6      | Noticed Sigmund
  3515 | D:6      | Killed Sigmund
  3532 | D:6      | Reached skill level 11 in Axes
  3546 | D:6      | Reached XP level 8. HP: 49/63 MP: 8/8
  3901 | D:6      | Found a hazy altar of Hepliaklqana.
  3904 | D:6      | Found a snail-covered altar of Cheibriados.
  3906 | D:6      | Noticed Eustachio
  3906 | D:6      | Noticed a hornet
  3919 | D:6      | Killed a hornet
  3947 | D:6      | Killed Eustachio
  3948 | D:6      | Reached skill level 5 in Fighting
  3948 | D:6      | Reached skill level 5 in Armour
  3962 | D:6      | Noticed Grinder
  3982 | D:6      | Killed Grinder
  4333 | D:6      | Found a hide-covered altar of Uskayaw.
  4333 | D:6      | Found a bloodstained altar of Trog.
  4352 | D:6      | Reached XP level 9. HP: 67/75 MP: 9/9
  4385 | D:6      | Found a burning altar of Makhleb.
  4385 | D:6      | Noticed a green death
  4421 | D:6      | Identified the +5 whip "Ceirahoh" {elec, Int+7}
  4554 | D:6      | Found a shadowy altar of Dithmenos.
  4813 | D:7      | Found Lampagam's Distillery.
  4819 | D:7      | Bought a potion of heal wounds for 70 gold pieces
  4819 | D:7      | Bought a potion of lignification for 42 gold pieces
  4819 | D:7      | Bought a potion of curing for 42 gold pieces
  4819 | D:7      | Bought 2 potions of heal wounds for 140 gold pieces
  4819 | D:7      | Bought a potion of lignification for 42 gold pieces
  4819 | D:7      | Bought a potion of curing for 42 gold pieces
  4928 | D:7      | Noticed Pikel
  4962 | D:7      | Killed Pikel
  5006 | D:7      | Reached skill level 12 in Axes
  5141 | D:7      | Found a flagged portal.
  5158 | Bailey   | Entered a bailey
  5236 | Bailey   | Noticed an orc knight
  5256 | Bailey   | Found a large runed translucent door.
  5256 | Bailey   | Found a large runed translucent door.
  5258 | Bailey   | Noticed a deep elf zephyrmancer
  5302 | Bailey   | Killed an orc knight
  5303 | Bailey   | Reached skill level 13 in Axes
  5314 | Bailey   | Reached XP level 10. HP: 26/88 MP: 0/10
  5631 | Bailey   | Killed a deep elf zephyrmancer
  5776 | D:7      | Reached skill level 14 in Axes
  5799 | D:7      | Found a sparkling altar of Nemelex Xobeh.
  6229 | D:8      | Noticed a two-headed ogre
  6253 | D:8      | Killed a two-headed ogre
  6254 | D:8      | Reached skill level 15 in Axes
  6351 | D:8      | Found a glowing golden altar of the Shining One.
  6403 | D:8      | Found a sacrificial altar of Ru.
  7003 | D:9      | Noticed Harold
  7040 | D:8      | Killed Harold
  7041 | D:8      | Reached skill level 16 in Axes
  7041 | D:8      | Reached skill level 1 in Evocations
  7361 | D:9      | Found a staircase to the Orcish Mines.
  7453 | D:10     | Entered Level 10 of the Dungeon
  7481 | D:10     | Noticed Psyche
  7489 | D:10     | Killed Psyche
  7541 | D:10     | Noticed Urug
  7578 | D:10     | Urug changed into Urug the elephant
  7578 | D:10     | Noticed Urug
  7586 | D:10     | Killed Urug the elephant
  7791 | D:10     | Reached XP level 11. HP: 95/95 MP: 11/11
  7797 | D:10     | Noticed Fannar
  7833 | D:10     | Killed Fannar
  8048 | D:10     | Found an iron altar of Okawaru.
  8088 | D:10     | Found a portal to a secret trove of treasure.
  8198 | D:10     | Noticed Nergalle
  8213 | D:10     | Killed Nergalle
  8688 | D:10     | Found an ancient bone altar of Kikubaaqudgha.
  8722 | D:11     | Noticed a two-headed ogre
  8733 | D:11     | Killed a two-headed ogre
  9270 | D:10     | Reached skill level 10 in Fighting
  9688 | D:11     | Reached skill level 5 in Evocations
  9803 | D:11     | Noticed Erica
  9820 | D:11     | Killed Erica
  9871 | D:11     | Noticed a two-headed ogre
  9899 | D:11     | Reached skill level 10 in Armour
  9916 | D:11     | Killed a two-headed ogre
  9917 | D:11     | Reached XP level 12. HP: 78/112 MP: 9/12
 10010 | D:11     | Identified the +11 shortbow "Biwnirr" {drain, Fly Str+2
                  | Dex+3}
 10076 | D:11     | Found a staircase to the Lair.
 10395 | D:11     | Noticed Snorg
 10422 | D:11     | Slain by Snorg

Illustrated notes

Levels and vault maps discovered:
D:1:      dpeg_arrival_windows_large_door, layout_basic, serial_shops, shop,
          nicolae_figureground_pulse
D:2:      layout_basic, shapermc_ecumenical_altar_pompeii
D:3:      layout_basic
D:4:      layout_loops_ring
D:5:      nicolae_cairo_tiling_very_big, layout_loops_ring,
          nzn_wu_jian_contemplation, kennysheep_orc_sif_temple, temple_statues
D:6:      layout_loops_cross, mainiacjoe_overflow_alcove_3,
          makhleb_altar_promises_db, nicolae_dithmenos_through_a_glass_darkly,
          uniq_eustachio, uniq_grinder, uniq_sigmund
D:7:      layout_rooms, kennysheep_mini, serial_shops, shop, enter_bailey_5,
          kennysheep_generic_room_16, uniq_pikel
D:8:      layout_cave_pools, tso_metal_star, mainiacjoe_overflow_chevrons
D:9:      layout_rooms, orc_0_dummy, minmay_misc_feat_secret_circle, uniq_harold
D:10:     layout_loops_ring, mainiacjoe_overflow_surrounded_room,
          okawaru_humans, nicolae_trove_entry_columns, evilmike_minifort,
          uniq_nergalle, uniq_fannar, uniq_urug, uniq_psyche
D:11:     layout_loops_ring, erik_lair_orcish_takeover, serial_demonic,
          serial_demonic_b, serial_demonic_c, serial_demonic_c,
          serial_demonic_d, minmay_hedge_maze, uniq_snorg, uniq_erica
Temple:   nicolae_temple_figure_zero

Skill      XL: |  1  2  3  4  5  6  7  8  9 10 11 12 |
---------------+-------------------------------------+-----
Axes           | 3 4 5 6 7 9 11 13 16 | 16.0
Fighting       | 6 8 11 12 | 12.3
Armour         | 6 8 10 | 10.4
Evocations     | 2 5 |  5.0
Shields        | |  3.2

Action                     |  1- 3 |  4- 6 |  7- 9 | 10-12 || total
---------------------------+-------+-------+-------+-------++-------
  Melee: War axe           |   108 |    67 |   254 |   148 ||   577
         Eveningstar       |       |       |       |   295 ||   295
   Fire: Sling             |    22 |    22 |       |       ||    44
  Throw: Boomerang         |       |       |    21 |    19 ||    40
         Throwing net      |       |       |     2 |     3 ||     5
         Javelin           |       |       |     5 |       ||     5
         Dart              |       |       |     2 |     7 ||     9
  Evoke: Wand              |       |       |    16 |    11 ||    27
    Use: Scroll            |     5 |     3 |     7 |     9 ||    24
         Potion            |       |       |     9 |     3 ||    12
 Armour: Scale mail        |    53 |    19 |       |       ||    72
         Chain mail        |       |     7 |    37 |       ||    44
         Plate armour      |       |       |   145 |   344 ||   489
  Dodge: Dodged            |    40 |    37 |   111 |   194 ||   382
  Block: Buckler           |    32 |    10 |    66 |   102 ||   210

Table legend: (Time is in decaauts)
 A = Elapsed time spent in this place.
 B = Non-inter-level travel time spent in this place.
 C = Inter-level travel time spent in this place.
 D = Time resting spent in this place.
 E = Time spent auto-exploring this place.
 F = Levels seen in this place.
 G = Mean time per level.
                   A        B        C        D        E       F      G
               +--------+--------+--------+--------+--------+-----+--------+
         Total |  10405 |  10027 |    378 |   1745 |   5677 |  13 |  800.4 |
       Dungeon |   9825 |   9456 |    369 |   1745 |   5333 |  11 |  893.2 |
        Temple |     20 |     11 |      9 |      0 |      0 |   1 |   20.0 |
        Bailey |    559 |    559 |      0 |      0 |    344 |   1 |  559.0 |
               +--------+--------+--------+--------+--------+-----+--------+

Top non-repeatable levels by time:
    D:10: 1785 daAuts
     D:6: 1307 daAuts
    D:11: 1170 daAuts
     D:5: 946 daAuts
     D:1: 924 daAuts
     D:4: 845 daAuts
     D:8: 822 daAuts
     D:7: 696 daAuts
  Bailey: 559 daAuts
     D:9: 530 daAuts
     D:2: 465 daAuts
     D:3: 332 daAuts
  Temple: 20 daAuts
